 Dungeon Crawl Stone Soup version 0.26-a0-52-gd53d4cd (webtiles) character file.

Game seed: 8503300337351271719

63294 thirtiethelement the Fighter (level 15, -5/119 HPs)
             Began as a Gnoll Abyssal Knight on June 5, 2020.
             Was the Champion of Lugonu.
             Slain by hihot's ghost (33 damage)
             ... on level 1 of the Spider Nest.
             The game lasted 01:03:19 (24768 turns).

thirtiethelement the Fighter (GnAK)                Turns: 24768, Time: 01:03:20

Health: -5/119     AC: 23    Str: 21    XL:     15   Next: 9%
Magic:  21/28      EV: 17    Int: 21    God:    Lugonu [******]
Gold:   1744       SH:  6    Dex: 17    Spells: 14/33 levels left

rFire    . . .     SeeInvis +   T - +8 war axe "Mom Leil" {freeze, rElec MR+++ Str-3}
rCold    . . .     Gourm    .   X - +0 buckler
rNeg     . . .     Faith    .   L - +6 acid dragon scales
rPois    +         Spirit   .   w - +1 helmet of the Albatross {Harm Str+4}
rElec    +         Reflect  .   g - +2 cloak
rCorr    +         Harm     +   E - +2 pair of gloves {Dex+3}
MR       ++++.     Rnd*Tele +   (no boots)
Stlth    +++.......             l - amulet of Beogh's Supremacy {rElec Regen+ Int+3 SInv}
HPRegen  0.69/turn              z - ring of poison resistance
MPRegen  0.21/turn              J - +4 ring of slaying

@: very slightly contaminated, hasted, drained, very quick
A: distributed training, fangs 1, hooves 1, clever 1, teleportitis 1, strong
nose
a: Depart the Abyss, Bend Space, Banish, Corrupt, Enter the Abyss, Brand Weapon
With Distortion, Renounce Religion


You were on level 1 of the Spider Nest.
You worshipped Lugonu.
Lugonu was exalted by your worship.
You were not hungry.

You visited 5 branches of the dungeon, and saw 22 of its levels.
You visited the Abyss 1 time.
You also visited: Ossuary, Bailey and Gauntlet.

You collected 2799 gold pieces.
You spent 1055 gold pieces at shops.

Inventory:

Hand Weapons
 r - a +6 battleaxe of flaming
 T - the +8 war axe "Mom Leil" (weapon) {freeze, rElec MR+++ Str-3}
   (You bought it in a shop on level 11 of the Dungeon)

   It has been specially enchanted to freeze those struck by it, causing extra
   injury to most foes and up to half again as much damage against particularly
   susceptible opponents.
   It can also slow down cold-blooded creatures.
   It affects your strength (-3).
   It insulates you from electricity.
   It affects your resistance to hostile enchantments.
Missiles
 R - 28 boomerangs (quivered)
Armour
 g - a +2 cloak (worn)
 w - the +1 helmet of the Albatross (worn) {Harm Str+4}
   (You found it on level 12 of the Dungeon)

   It affects your strength (+4).
   It increases damage dealt and taken.
 E - a +2 pair of gloves of dexterity (worn)
 L - +6 acid dragon scales (worn)
 X - a +0 buckler (worn)
Jewellery
 l - the amulet of Beogh's Supremacy (around neck) {rElec Regen+ Int+3 SInv}
   (You acquired it on level 6 of the Lair of Beasts)

   [amulet of regeneration]

   It affects your intelligence (+3).
   It insulates you from electricity.
   It lets you see invisible.
   It increases your rate of regeneration.
 p - an uncursed ring of see invisible
 z - a ring of poison resistance (left hand)
 B - an uncursed ring of protection from fire
 C - a +4 ring of evasion
 J - a +4 ring of slaying (right hand)
 N - an uncursed amulet of reflection
 V - the amulet "Jaimysu" {Spirit rPois MR- Stlth+}
   (You found it in a Gauntlet)

   [amulet of guardian spirit]

   It causes incoming damage to be split between your health and magic.
   It protects you from poison.
   It affects your resistance to hostile enchantments.
   It makes you more stealthy.
Wands
 a - a wand of paralysis (8)
 F - a wand of iceblast (8)
 G - a wand of flame (30)
 I - a wand of polymorph (10)
 O - a wand of digging (3)
 U - a wand of random effects (50)
 W - a wand of disintegration (18)
Scrolls
 b - 2 scrolls of identify
 f - 8 scrolls of amnesia
 i - 7 scrolls of teleportation
 j - 6 scrolls of remove curse
 n - 3 scrolls of fear
 q - 6 scrolls of fog
 s - 3 scrolls of enchant armour
 u - 2 scrolls of blinking
 K - a scroll of acquirement
 S - 2 scrolls of summoning
Potions
 d - a potion of magic
 e - 4 potions of haste
 h - a potion of ambrosia
 k - 5 potions of might
 m - 7 potions of curing
 o - 4 potions of brilliance
 t - a potion of berserk rage
 v - 2 potions of stabbing
 x - 3 potions of flight
Miscellaneous
 y - a box of beasts
 D - a phial of floods
 Z - 2 phantom mirrors
Comestibles
 c - 26 rations


   Skills:
 + Level 11.4(10.1) Fighting
 + Level 9.6(8.3) Short Blades
 + Level 9.6(8.3) Long Blades
 + Level 10.6(9.2) Axes
 + Level 9.6(8.3) Maces & Flails
 + Level 9.6(8.3) Polearms
 + Level 9.6(8.3) Staves
 + Level 9.6(8.3) Slings
 + Level 9.6(8.3) Bows
 + Level 9.6(8.3) Crossbows
 + Level 9.6(8.3) Throwing
 + Level 10.6(9.2) Armour
 + Level 10.0(8.6) Dodging
 + Level 9.6(8.3) Stealth
 + Level 9.6(8.3) Shields
 + Level 9.6(8.3) Unarmed Combat
 + Level 9.6(8.3) Spellcasting
 + Level 8.0(6.8) Conjurations
 + Level 8.0(6.8) Hexes
 + Level 8.0(6.8) Charms
 + Level 8.0(6.8) Summonings
 + Level 8.0(6.8) Necromancy
 + Level 8.0(6.8) Translocations
 + Level 8.0(6.8) Transmutations
 + Level 8.0(6.8) Fire Magic
 + Level 8.0(6.8) Ice Magic
 + Level 8.0(6.8) Air Magic
 + Level 8.0(6.8) Earth Magic
 + Level 8.0(6.8) Poison Magic
 + Level 11.3(9.9) Invocations
 + Level 9.6(8.3) Evocations


You had 14 spell levels left.
You knew the following spells:

 Your Spells              Type           Power        Failure   Level  Hunger
a - Mephitic Cloud        Conj/Pois/Air  #####...     1%          3    None
b - Blink                 Tloc           N/A          1%          2    None
c - Call Imp              Summ           #####...     1%          2    None
d - Ignite Poison         Fire/Tmut/Pois #####...     1%          3    None
e - Dispel Undead         Necr           #####...     6%          4    ###....
f - Irradiate             Conj/Tmut      #####.....   16%         5    #####..

Your spell library contained the following spells:

 Spells                   Type           Power        Failure   Level  Hunger
 Corona                   Hex            #####..      1%          1    None
 Magic Dart               Conj           ####         1%          1    None
 Summon Butterflies       Summ           #####...     1%          1    None
 Corpse Rot               Necr/Air       N/A          1%          2    None
 Slow                     Hex            #####...     1%          2    None
 Sublimation of Blood     Necr           #####.....   1%          2    None
 Call Canine Familiar     Summ           #####...     1%          3    None
 Conjure Flame            Conj/Fire      #####...     1%          3    None
 Inner Flame              Hex/Fire       #####...     1%          3    None
 Portal Projectile        Hex/Tloc       #####.       1%          3    None
 Stone Arrow              Conj/Erth      #####.       1%          3    None
 Cause Fear               Hex            #####.....   6%          4    ###....
 Leda's Liquefaction      Hex/Erth       #####.....   6%          4    ###....
 Petrify                  Tmut/Erth      #####...     6%          4    ###....
 Summon Ice Beast         Ice/Summ       #####...     6%          4    ###....
 Agony                    Necr           #####...     16%         5    #####..
 Alistair's Intoxication  Tmut/Pois      #####...     16%         5    #####..
 Excruciating Wounds      Chrm/Necr      #####.....   16%         5    #####..
 Summon Forest            Summ/Tloc      #####.....   16%         5    #####..
 Summon Mana Viper        Hex/Summ       #####...     16%         5    #####..
 Eringya's Noxious Bog    Tmut/Pois      #####.....   65%         6    ######.
 Hydra Form               Tmut           #####.....   65%         6    ######.
 Summon Hydra             Summ           #####.....   99%         7    #######


Dungeon Overview and Level Annotations

Branches:
Dungeon (12/15)            Temple (1/1) D:6            Lair (6/6) D:8
 Shoals (0/4) Lair:3       Spider (1/4) Lair:4        Slime (0/5) Lair:5
    Orc (2/2) D:12            Elf (0/3) Orc:2       Ossuary (visited)
 Bailey (visited)         Gauntlet (visited)

Altars:
Ashenzari
Cheibriados
Dithmenos
Elyvilon
Fedhas
Gozag
Hepliaklqana
Kikubaaqudgha
Makhleb
Nemelex Xobeh
Okawaru
Qazlal
Ru
Sif Muna
Trog
Uskayaw
Vehumet
Wu Jian
Xom
Yredelemnul
Zin
The Shining One
Jiyva

Shops:
D:6 ?(   D:11 (   D:12 ?   Orc:2 *?%((

Annotations:
Spider:1 hihot's ghost, journeyman MiFi
Orc:2 corrupted


Innate Abilities, Weirdness & Mutations

Your experience applies equally to all skills.
You have very sharp teeth.
Your uncanny sense of smell can sniff out nearby items.
You have large cloven feet.
Your mind is acute. (Int +2)
You are occasionally teleported next to monsters.


Message History

Evoke which item? (* to show all) (? for menu, Esc to quit)
Okay, then.
Evoke which item? (* to show all) (? for menu, Esc to quit)
Aiming: Disintegrate
Press: ? - help, Shift-Dir - straight line, f/p - hihot's ghost
Aim: hihot's ghost, wielding a vorpal weapon (severely damaged, covered in acid, chance to defeat MR: 38%) Hihot's ghost resists with some effort.
Evoke which item? (* to show all) (? for menu, Esc to quit)
Aiming: Disintegrate
Press: ? - help, Shift-Dir - straight line, f/p - hihot's ghost
Aim: hihot's ghost, wielding a vorpal weapon (severely damaged, covered in acid, chance to defeat MR: 38%) Hihot's ghost is blasted!!
You block hihot's ghost's attack.
Evoke which item? (* to show all) (? for menu, Esc to quit)
Aiming: Disintegrate
Press: ? - help, Shift-Dir - straight line, f/p - hihot's ghost
Aim: hihot's ghost, wielding a vorpal weapon (almost destroyed, covered in acid, chance to defeat MR: 38%) Hihot's ghost resists with some effort.
Hihot's ghost mumbles, "They all look like pillowcases to me..."
Hihot's ghost hits you!!
You die...

#####..#
##?♣⌠♣!###.....##
##8.....8##.#####
#.........#.#
#♣.......♣#.#
#⌠.......⌠#.#
♣.......♣#.#
###'''####.#
#....W@....#
####.....###
#######


You could see hihot's ghost (corroded).

Vanquished Creatures
  Gastronok (D:12)
  A stone giant (Orc:1)
  A minotaur (Gauntlet)
  The ghost of Edwemp the Arsonist, a journeyman DgFE (Spider:1)
  A fire dragon (Lair:6)
  An ogre mage (Orc:2)
  2 hydras (Lair:6)
  A catoblepas (Lair:6)
  9 two-headed ogres
  An orc high priest (Orc:1)
  A tengu warrior (Gauntlet)
  Sonja (Orc:2)
  An unseen horror (D:11)
  A lindwurm (Lair:6)
  An orc sorcerer (Orc:1)
  An orc knight (Orc:1)
  A wolf spider (Spider:1)
  An oklob plant (Lair:2)
  4 cyclopes
  10 elephants
  8 black mambas
  A merfolk siren (Lair:3)
  Joseph (D:7)
  3 molten gargoyles (Lair:6)
  A torpor snail (Lair:6)
  2 gargoyles
  11 spiny frogs
  7 komodo dragons
  A rime drake (Lair:3)
  A hellion (Gauntlet)
  A demonic crawler (Spider:1)
  A kobold demonologist (D:12)
  2 tengu conjurers (Gauntlet)
  3 merfolk (Lair:3)
  7 trolls
  4 hippogriffs
  A hornet (D:11)
  13 blink frogs
  A wraith (D:11)
  A tarantella (Spider:1)
  35 yaks
  2 shadows (D:11)
  4 hogs (D:8)
  3 wyverns
  6 basilisks
  A chaos spawn (Gauntlet)
  A neqoxec (Gauntlet)
  A human (D:8)
  A fire bat (Abyss:2)
  Eustachio (D:5)
  2 vampire mosquitoes (D:12)
  A steam dragon (Lair:6)
  2 wargs (Orc:1)
  A soldier ant (D:12)
  An acid dragon (D:12)
  6 hell hounds
  14 water moccasins
  A hornet zombie (D:6)
  20 orc warriors
  7 porcupines
  3 black bears
  5 ice beasts
  12 ogres
  4 phantoms
  15 wolves
  2 eyes of draining
  3 centaurs
  8 crocodiles
  2 big kobolds
  Blork the orc (D:5)
  14 bullfrogs
  7 gnoll sergeants (Bailey)
  2 wyvern skeletons
  17 scorpions
  24 killer bees
  6 electric eels
  3 crimson imps
  4 lava snakes (Lair:6)
  8 hounds
  A centaur zombie (Ossuary)
  3 bullfrog zombies
  3 jellies
  A centaur skeleton (D:10)
  3 bullfrog skeletons
  12 orc priests
  15 orc wizards
  2 human zombies (Ossuary)
  6 gnoll shamans
  3 iguanas
  8 worker ants
  A big kobold zombie (Ossuary)
  A hound skeleton (D:6)
  3 mummies
  A worker ant zombie (D:11)
  11 adders
  28 gnolls
  A howler monkey skeleton (D:4)
  8 scorpion zombies (Ossuary)
  3 shadow imps
  5 oozes
  2 worms
  6 leopard geckos
  74 orcs
  A ball python (D:7)
  5 giant cockroaches
  A gnoll zombie (Ossuary)
  9 goblins
  11 hobgoblins
  3 jackals (D:7)
  15 kobolds
  2 quokkas
  4 bats
  2 frilled lizards
  A goblin zombie (Ossuary)
  2 hobgoblin zombies (Ossuary)
  A jackal skeleton (D:4)
  3 kobold zombies (Ossuary)
  9 rats
  3 demonic plants (Gauntlet)
  3 fungi
  11 plants
648 creatures vanquished.

Vanquished Creatures (collateral kills)
  A gnoll sergeant (Bailey)
  A gnoll shaman (Bailey)
  An orc wizard (D:12)
  A gnoll (Bailey)
  An orc (D:12)
5 creatures vanquished.

Vanquished Creatures (others)
  An ogre mage (Orc:2)
  2 two-headed ogres (Orc:2)
  2 deep trolls (Orc:2)
  A cyclops (Orc:2)
  4 trolls (Orc:2)
  An orc warrior (Orc:2)
  10 ogres (Orc:2)
  A bullfrog (D:6)
  A mummy (Ossuary)
  4 orcs (Orc:2)
  A gnoll zombie (Ossuary)
  An orc zombie (Ossuary)
  4 demonic plants (Gauntlet)
  2 fungi (Lair:5)
  3 plants (D:8)
38 creatures vanquished.

Grand Total: 691 creatures vanquished

Notes
Turn   | Place    | Note
-------+----------+-------------------------------------------
     0 | Abyss:1  | thirtiethelement the Gnoll Abyssal Knight began the quest
                  | for the Orb.
     0 | Abyss:1  | Reached XP level 1. HP: 23/23 MP: 3/3
    14 | Abyss:1  | Found a corrupted altar of Lugonu.
    89 | Abyss:2  | Noticed a fire bat
    89 | Abyss:2  | Noticed a fire bat
    89 | Abyss:2  | Noticed a fire bat
    92 | Abyss:2  | Killed a fire bat
    92 | Abyss:2  | Reached skill level 1 in Short Blades
    92 | Abyss:2  | Reached skill level 1 in Long Blades
    92 | Abyss:2  | Reached skill level 1 in Maces & Flails
    92 | Abyss:2  | Reached skill level 1 in Polearms
    92 | Abyss:2  | Reached skill level 1 in Staves
    92 | Abyss:2  | Reached skill level 1 in Slings
    92 | Abyss:2  | Reached skill level 1 in Bows
    92 | Abyss:2  | Reached skill level 1 in Crossbows
    92 | Abyss:2  | Reached skill level 1 in Throwing
    92 | Abyss:2  | Reached skill level 1 in Stealth
    92 | Abyss:2  | Reached skill level 1 in Shields
    92 | Abyss:2  | Reached skill level 1 in Unarmed Combat
    92 | Abyss:2  | Reached skill level 1 in Spellcasting
    92 | Abyss:2  | Reached skill level 1 in Conjurations
    92 | Abyss:2  | Reached skill level 1 in Hexes
    92 | Abyss:2  | Reached skill level 1 in Charms
    92 | Abyss:2  | Reached skill level 1 in Summonings
    92 | Abyss:2  | Reached skill level 1 in Necromancy
    92 | Abyss:2  | Reached skill level 1 in Translocations
    92 | Abyss:2  | Reached skill level 1 in Transmutations
    92 | Abyss:2  | Reached skill level 1 in Fire Magic
    92 | Abyss:2  | Reached skill level 1 in Ice Magic
    92 | Abyss:2  | Reached skill level 1 in Air Magic
    92 | Abyss:2  | Reached skill level 1 in Earth Magic
    92 | Abyss:2  | Reached skill level 1 in Poison Magic
    92 | Abyss:2  | Reached skill level 1 in Evocations
    92 | Abyss:2  | Reached XP level 2. HP: 29/29 MP: 5/5
    92 | Abyss:2  | Reached XP level 3. HP: 35/35 MP: 6/6
    92 | Abyss:2  | Reached XP level 4. HP: 41/41 MP: 7/7
    92 | Abyss:2  | Reached XP level 5. HP: 47/47 MP: 8/8
    94 | D:1      | Escaped the Abyss
  1028 | D:2      | Reached ** piety under Lugonu
  2715 | D:3      | Reached XP level 6. HP: 53/53 MP: 9/9
  2752 | D:4      | Reached skill level 5 in Invocations
  2760 | D:4      | Reached skill level 5 in Axes
  2760 | D:4      | Reached skill level 5 in Armour
  3254 | D:4      | Found a shimmering blue altar of Sif Muna.
  3255 | D:4      | Found a shimmering altar of Xom.
  3320 | D:4      | Reached XP level 7. HP: 51/59 MP: 8/10
  3336 | D:4      | Reached *** piety under Lugonu
  3514 | D:5      | Entered Level 5 of the Dungeon
  3530 | D:5      | Noticed Blork the orc
  3549 | D:5      | Killed Blork the orc
  3695 | D:5      | Noticed Eustachio
  3707 | D:5      | Killed Eustachio
  3707 | D:5      | Reached XP level 8. HP: 58/67 MP: 10/12
  3771 | D:4      | HP: 3/67 [ogre/+0 giant spiked club (9)]
  4255 | D:5      | Learned a level 3 spell: Mephitic Cloud
  4258 | D:5      | Learned a level 2 spell: Blink
  4261 | D:5      | Learned a level 2 spell: Call Imp
  4473 | D:6      | Found Koelyg's Antique Weapon Emporium.
  4487 | D:6      | Found Juoch's Magic Scroll Boutique.
  4509 | D:6      | Found a sand-covered staircase.
  4522 | Ossuary  | Entered an ossuary
  5208 | Ossuary  | Reached **** piety under Lugonu
  5225 | Ossuary  | Reached XP level 9. HP: 34/72 MP: 14/14
  5933 | D:6      | Reached skill level 5 in Dodging
  6259 | D:6      | Found a staircase to the Ecumenical Temple.
  6873 | D:6      | Identified a scroll of acquirement
  6879 | D:6      | Learned a level 3 spell: Ignite Poison
  6898 | Temple   | Entered the Ecumenical Temple
  7370 | D:7      | Found a basalt altar of Yredelemnul.
  7665 | D:7      | Found a white marble altar of Elyvilon.
  7734 | D:7      | Found a shattered altar of Ashenzari.
  7987 | D:7      | Reached XP level 10. HP: 80/80 MP: 17/17
  7988 | D:7      | Noticed Joseph
  8005 | D:7      | Killed Joseph
  8414 | D:7      | Reached skill level 5 in Short Blades
  8414 | D:7      | Reached skill level 5 in Long Blades
  8414 | D:7      | Reached skill level 5 in Maces & Flails
  8414 | D:7      | Reached skill level 5 in Polearms
  8414 | D:7      | Reached skill level 5 in Staves
  8414 | D:7      | Reached skill level 5 in Slings
  8414 | D:7      | Reached skill level 5 in Bows
  8414 | D:7      | Reached skill level 5 in Crossbows
  8414 | D:7      | Reached skill level 5 in Throwing
  8414 | D:7      | Reached skill level 5 in Stealth
  8414 | D:7      | Reached skill level 5 in Shields
  8414 | D:7      | Reached skill level 5 in Unarmed Combat
  8414 | D:7      | Reached skill level 5 in Spellcasting
  8414 | D:7      | Reached skill level 5 in Evocations
  8597 | D:8      | Found a flagged portal.
  8609 | Bailey   | Entered a bailey
  8861 | Bailey   | Reached ***** piety under Lugonu
  9485 | D:8      | Found a shadowy altar of Dithmenos.
  9845 | D:8      | Found a staircase to the Lair.
  9864 | D:8      | Found a radiant altar of Vehumet.
 10374 | D:9      | Reached XP level 11. HP: 22/87 MP: 19/19
 10856 | D:9      | Found a glowing silver altar of Zin.
 10885 | D:9      | Found a glowing golden altar of the Shining One.
 11015 | D:9      | Found a bloodstained altar of Trog.
 11227 | D:10     | Entered Level 10 of the Dungeon
 11735 | D:10     | Reached skill level 5 in Conjurations
 11735 | D:10     | Reached skill level 5 in Hexes
 11735 | D:10     | Reached skill level 5 in Charms
 11735 | D:10     | Reached skill level 5 in Summonings
 11735 | D:10     | Reached skill level 5 in Necromancy
 11735 | D:10     | Reached skill level 5 in Translocations
 11735 | D:10     | Reached skill level 5 in Transmutations
 11735 | D:10     | Reached skill level 5 in Fire Magic
 11735 | D:10     | Reached skill level 5 in Ice Magic
 11735 | D:10     | Reached skill level 5 in Air Magic
 11735 | D:10     | Reached skill level 5 in Earth Magic
 11735 | D:10     | Reached skill level 5 in Poison Magic
 12146 | D:11     | Noticed an unseen horror
 12165 | D:11     | Killed an unseen horror
 12475 | D:11     | Found Jiopof's Antique Weapon Shoppe.
 12478 | D:11     | Noticed a two-headed ogre
 12486 | D:11     | Killed a two-headed ogre
 12488 | D:11     | Bought an ichor-stained war axe for 221 gold pieces
 12488 | D:11     | Identified the +8 war axe "Mom Leil" {freeze, rElec MR+++
                  | Str-3} (You bought it in a shop on level 11 of the Dungeon)
 12589 | D:11     | Noticed a two-headed ogre
 12595 | D:11     | Killed a two-headed ogre
 13443 | D:11     | Gained mutation: Your mind is acute. (Int +2) [potion of
                  | mutation]
 13443 | D:11     | Gained mutation: You are occasionally teleported next to
                  | monsters. [potion of mutation]
 13443 | D:11     | Gained mutation: You have large cloven feet. [potion of
                  | mutation]
 13480 | D:12     | Noticed a cyclops
 13489 | D:12     | Killed a cyclops
 13489 | D:12     | Reached XP level 12. HP: 94/96 MP: 22/22
 13704 | D:12     | Noticed Gastronok
 13718 | D:12     | Killed Gastronok
 13866 | D:12     | Found a staircase to the Orcish Mines.
 13961 | D:12     | Noticed a two-headed ogre
 13972 | D:12     | Killed a two-headed ogre
 14309 | D:12     | Reached ****** piety under Lugonu
 14506 | D:12     | Found Fimuoj's Magic Scroll Emporium.
 14629 | D:12     | Bought a scroll of enchant weapon for 120 gold pieces
 14629 | D:12     | Bought a scroll of enchant armour for 120 gold pieces
 14629 | D:12     | Bought a scroll of enchant weapon for 120 gold pieces
 14997 | D:12     | Identified the +1 helmet of the Albatross {Harm Str+4} (You
                  | found it on level 12 of the Dungeon)
 15126 | Orc:1    | Entered Level 1 of the Orcish Mines
 15132 | Orc:1    | Noticed a soul eater
 15166 | Orc:1    | Noticed a stone giant
 15185 | Orc:1    | Killed a stone giant
 15185 | Orc:1    | Reached skill level 10 in Fighting
 15563 | Orc:2    | Entered Level 2 of the Orcish Mines
 15577 | Orc:2    | Noticed Sonja
 15636 | Orc:2    | Killed Sonja
 15769 | Orc:2    | Found Cafonk's Assorted Antiques.
 15900 | Orc:2    | Found Fipilise's Weapon Boutique.
 15901 | Orc:2    | Noticed a two-headed ogre
 15902 | Orc:2    | Noticed a two-headed ogre
 15902 | Orc:2    | Noticed a two-headed ogre
 15902 | Orc:2    | Noticed an ogre mage
 15903 | Orc:2    | Noticed a two-headed ogre
 15906 | Orc:2    | Noticed a two-headed ogre
 15906 | Orc:2    | Reached XP level 13. HP: 103/103 MP: 11/24
 15929 | Orc:2    | Reached skill level 10 in Invocations
 15936 | Orc:2    | Corrupted Orc:2
 15936 | Orc:2    | Noticed a starcursed mass
 15937 | Orc:2    | Noticed a starcursed mass
 15953 | Orc:2    | Killed an ogre mage
 16457 | Orc:2    | Found Tixkei's Weapon Shop.
 16459 | Orc:2    | Found a staircase to the Elven Halls.
 16462 | Orc:2    | Found Roxtynor's Food Shoppe.
 16471 | Orc:2    | Found Epte's Magic Scroll Boutique.
 16480 | Orc:2    | Bought 2 scrolls of enchant armour for 180 gold pieces
 16480 | Orc:2    | Bought a scroll of enchant armour for 90 gold pieces
 16480 | Orc:2    | Bought a scroll of summoning for 114 gold pieces
 16480 | Orc:2    | Bought a scroll of enchant weapon for 90 gold pieces
 17185 | Lair:1   | Entered Level 1 of the Lair of Beasts
 18360 | Lair:2   | Learned a level 4 spell: Dispel Undead
 18366 | Lair:2   | Learned a level 5 spell: Irradiate
 18415 | Lair:2   | Found a gate leading to a gauntlet.
 18433 | Gauntlet | Entered a Gauntlet
 18433 | Gauntlet | Found a transporter.
 18433 | Gauntlet | Found a transporter.
 18433 | Gauntlet | Found a transporter.
 18434 | Gauntlet | Found a transporter.
 18437 | Gauntlet | Found a transporter.
 18438 | Gauntlet | Found a transporter.
 18449 | Gauntlet | Found a transporter.
 18451 | Gauntlet | Found a transporter.
 18454 | Gauntlet | Found a transporter.
 18454 | Gauntlet | Found a transporter.
 18456 | Gauntlet | Noticed a death ooze
 18472 | Gauntlet | Found a transporter.
 18494 | Gauntlet | Found a transporter.
 18583 | Gauntlet | Got a translucent bronze amulet
 18585 | Gauntlet | Identified the amulet "Jaimysu" {Spirit rPois MR- Stlth+}
                  | (You found it in a Gauntlet)
 18783 | Gauntlet | Identified the +0 helmet of Quawaac {rPois} (You found it
                  | in a Gauntlet)
 18851 | Gauntlet | Noticed a minotaur
 18855 | Gauntlet | Killed a minotaur
 19641 | Lair:3   | Reached XP level 14. HP: 111/111 MP: 26/26
 20340 | Lair:3   | Found a staircase to the Shoals.
 20363 | Lair:3   | Reached skill level 10 in Axes
 20363 | Lair:3   | Reached skill level 10 in Armour
 20893 | Lair:4   | Found a hole to the Spider Nest.
 22807 | Lair:5   | Found a viscous altar of Jiyva.
 22807 | Lair:5   | Found a staircase to the Slime Pits.
 22868 | Lair:6   | Entered Level 6 of the Lair of Beasts
 23302 | Lair:6   | Found a dark tunnel.
 23514 | Lair:6   | Got the amulet of Beogh's Supremacy {rElec Regen+ Int+3
                  | SInv}
 23642 | Lair:6   | Found a shimmering blue altar of Sif Muna.
 23990 | Lair:6   | Found a large runed translucent door.
 23991 | Lair:6   | Found a large runed translucent door.
 24231 | Lair:6   | Reached XP level 15. HP: 119/119 MP: 28/28
 24690 | Spider:1 | Entered Level 1 of the Spider Nest
 24713 | Spider:1 | Found a runed translucent gate.
 24713 | Spider:1 | Found a runed translucent gate.
 24713 | Spider:1 | Found a runed translucent gate.
 24713 | Spider:1 | Noticed hihot's ghost (journeyman MiFi)
 24714 | Spider:1 | Noticed Edwemp's ghost (journeyman DgFE)
 24747 | Spider:1 | Killed Edwemp's ghost
 24747 | Spider:1 | Reached skill level 10 in Dodging
 24768 | Spider:1 | Slain by hihot's ghost

Illustrated notes

Levels and vault maps discovered:
D:1:      dpeg_arrival_shelter, layout_loops_cross, dk_noncrumbling_3
D:2:      layout_basic
D:3:      layout_loops_ring
D:4:      layout_gridville, gammafunk_temple_overflow_statue, first_ration
D:5:      layout_rooms, minmay_bent, uniq_eustachio, uniq_blork_the_orc
D:6:      layout_loops_cross, minmay_temple_entry_mini_moons, serial_shops,
          shop, kennysheep_little_box, gup_ossuary_entry_pyramid
D:7:      layout_basic, kennysheep_mini, kennysheep_mini_moat,
          ashenzari_conservatory_becter, serial_curves, eino_curves_04,
          eino_curves_03, eino_curves_04, eino_curves_04, uniq_joseph
D:8:      layout_rooms, grunt_dithmenos_smoke, vehumet_altar_wand_db,
          david_lair_shrubbed, serial_glass, glass_columns_a, glass_columns_c,
          enter_bailey_3, grunt_livestock
D:9:      layout_gridville, old_standard_altar, lemuel_crystal_altar,
          zin_academy
D:10:     layout_loops_ring
D:11:     layout_roguey, serial_shops, shop
D:12:     layout_irregular_city, david_orc_4, serial_shops, shop, uniq_gastronok
Temple:   hc_temple_tempest_star
Lair:1:   layout_layer_cave, lemuel_fruit_fields
Lair:2:   layout_cave_pods, gauntlet_entry_generic, grunt_megastairs_1,
          infiniplex_staircase_pool_2
Lair:3:   statuecave_lemuel, layout_long_grid, elwin_shoals_entry_stream,
          chequers_serial_rivers_large_a, wad_woods_road_04, grunt_megastairs_5
Lair:4:   layout_layer_cave, dummy_spider_entry, minivault_27,
          serial_bayou_lake_a
Lair:5:   layout_loops_ring, dpeg_slime_entry_enclosed_altar
Lair:6:   cheibrodos_lair_end_hotspot, layout_regular_city, basic_altar,
          nicolae_volcano_entry_s_turn, serial_bayou_shore_b
Spider:1: nicolae_spider_hall_of_the_moth_king, gammafunk_ghost_cemetery
Orc:1:    layout_caves
Orc:2:    st_orc_open, layout_diamond_mine, serial_shops,
          nicolae_shop_behind_doors, uniq_sonja

Skill      XL: |  1  2  3  4  5  6  7  8  9 10 11 12 13 14 15 |
---------------+----------------------------------------------+-----
Short Blades   | 1 2 3 4 5 6 7 8 9 |  9.6
Long Blades    | 1 2 3 4 5 6 7 8 9 |  9.6
Maces & Flails | 1 2 3 4 5 6 7 8 9 |  9.6
Polearms       | 1 2 3 4 5 6 7 8 9 |  9.6
Staves         | 1 2 3 4 5 6 7 8 9 |  9.6
Slings         | 1 2 3 4 5 6 7 8 9 |  9.6
Bows           | 1 2 3 4 5 6 7 8 9 |  9.6
Crossbows      | 1 2 3 4 5 6 7 8 9 |  9.6
Throwing       | 1 2 3 4 5 6 7 8 9 |  9.6
Stealth        | 1 2 3 4 5 6 7 8 9 |  9.6
Shields        | 1 2 3 4 5 6 7 8 9 |  9.6
Unarmed Combat | 1 2 3 4 5 6 7 8 9 |  9.6
Spellcasting   | 1 2 3 4 5 6 7 8 9 |  9.6
Conjurations   | 1 2 3 4 5 6 7 8 |  8.0
Hexes          | 1 2 3 4 5 6 7 8 |  8.0
Charms         | 1 2 3 4 5 6 7 8 |  8.0
Summonings     | 1 2 3 4 5 6 7 8 |  8.0
Necromancy     | 1 2 3 4 5 6 7 8 |  8.0
Translocations | 1 2 3 4 5 6 7 8 |  8.0
Transmutations | 1 2 3 4 5 6 7 8 |  8.0
Fire Magic     | 1 2 3 4 5 6 7 8 |  8.0
Ice Magic      | 1 2 3 4 5 6 7 8 |  8.0
Air Magic      | 1 2 3 4 5 6 7 8 |  8.0
Earth Magic    | 1 2 3 4 5 6 7 8 |  8.0
Poison Magic   | 1 2 3 4 5 6 7 8 |  8.0
Evocations     | 1 2 3 4 5 6 7 8 9 |  9.6
Dodging        | 3 4 5 6 7 8 9 10 | 10.0
Invocations    | 5 6 7 8 9 10 11 | 11.3
Axes           | 5 6 7 8 9 10 | 10.6
Armour         | 5 6 7 8 9 10 | 10.6
Fighting       | 7 8 9 10 11 | 11.4

Action                   |  1- 3 |  4- 6 |  7- 9 | 10-12 | 13-15 || total
-------------------------+-------+-------+-------+-------+-------++-------
Melee: Hand axe          |       |   142 |       |       |       ||   142
       Bite              |       |    16 |    41 |    63 |    40 ||   160
       Battleaxe         |       |    57 |   319 |   317 |    12 ||   705
       Punch             |       |     2 |       |     5 |     7 ||    14
       War axe           |       |       |       |   224 |   405 ||   629
       Kick              |       |       |       |    53 |   137 ||   190
Throw: Boomerang         |       |       |       |    16 |    42 ||    58
 Cast: Mephitic Cloud    |       |       |       |    14 |     1 ||    15
       Ignite Poison     |       |       |       |     4 |       ||     4
       Call Imp          |       |       |       |     2 |       ||     2
       Dispel Undead     |       |       |       |       |     1 ||     1
Invok: Corrupt           |       |       |       |       |     1 ||     1
Evoke: Wand              |     1 |     1 |    16 |     3 |    11 ||    32
       Phantom mirror    |       |       |       |     1 |       ||     1
  Use: Scroll            |     1 |    12 |     9 |    19 |    10 ||    51
       Potion            |       |       |     8 |     5 |     4 ||    17
 Stab: Sleeping          |       |     4 |     5 |    17 |    24 ||    50
       Distracted        |       |     1 |       |     1 |       ||     2
       Confused          |       |       |       |     9 |       ||     9
       Petrified         |       |       |       |       |     2 ||     2
  Eat: Chunk             |       |     8 |     4 |    21 |    14 ||    47
       Ration            |       |       |     3 |     2 |     5 ||    10
Armor: Leather armour    |     2 |    46 |   122 |    20 |       ||   190
       Ring mail         |       |       |       |   134 |       ||   134
       Acid dragon scale |       |       |       |    33 |   172 ||   205
       Skin              |       |       |       |     2 |       ||     2
Dodge: Dodged            |     1 |   129 |   291 |   590 |   344 ||  1355
Block: Other             |       |       |       |    68 |    31 ||    99
       Reflection        |       |       |       |    11 |     4 ||    15
       Buckler           |       |       |       |       |    86 ||    86

Table legend:
 A = Non-vault XP
 B = Vault XP
 C = Vault XP percentage of total XP
 D = Non-vault monster count
 E = Vault monster count
 F = Vault count percentage of total count
                 A         B        C        D         E       F
            +---------+---------+-------+---------+---------+-------
      Total |   60155 |   30266 |  33.5 |     479 |     160 |  25.0
            +---------+---------+-------+---------+---------+-------
        D:1 |      41 |       0 |   0.0 |      23 |       0 |   0.0
        D:2 |      35 |       0 |   0.0 |      13 |       0 |   0.0
        D:3 |      53 |       0 |   0.0 |      16 |       0 |   0.0
        D:4 |     472 |       0 |   0.0 |      27 |       0 |   0.0
        D:5 |     412 |     406 |  49.6 |      14 |       4 |  22.2
        D:6 |    1074 |      18 |   1.6 |      17 |       1 |   5.6
        D:7 |    1426 |     424 |  22.9 |      24 |       1 |   4.0
        D:8 |     359 |    1376 |  79.3 |       5 |      11 |  68.8
        D:9 |    2416 |       0 |   0.0 |      35 |       0 |   0.0
       D:10 |    1589 |       0 |   0.0 |      30 |       0 |   0.0
       D:11 |    5713 |       0 |   0.0 |      54 |       0 |   0.0
       D:12 |    6296 |    2892 |  31.5 |      35 |      18 |  34.0
     Lair:1 |    2850 |       0 |   0.0 |      16 |       0 |   0.0
     Lair:2 |    4116 |      90 |   2.1 |      20 |       1 |   4.8
     Lair:3 |    5625 |    1558 |  21.7 |      22 |       6 |  21.4
     Lair:4 |    3418 |       0 |   0.0 |      18 |       0 |   0.0
     Lair:5 |    5701 |       0 |   0.0 |      25 |       0 |   0.0
     Lair:6 |   10598 |    7501 |  41.4 |      29 |      26 |  47.3
   Spider:1 |    1152 |    1102 |  48.9 |       3 |       1 |  25.0
      Orc:1 |    6427 |       0 |   0.0 |      44 |       0 |   0.0
      Orc:2 |     192 |    9120 |  97.9 |       8 |      20 |  71.4
    Abyss:2 |     190 |       0 |   0.0 |       1 |       0 |   0.0
    Ossuary |       0 |    1089 | 100.0 |       0 |      33 | 100.0
     Bailey |       0 |    1128 | 100.0 |       0 |      30 | 100.0
   Gauntlet |       0 |    3562 | 100.0 |       0 |       8 | 100.0
            +---------+---------+-------+---------+---------+-------
